 Seeded DCSS version 0.30-b1-2-g02819fbbbe (webtiles) character file.

Game seed: 570102490474017323 (custom seed)

2497 wilfster70 the Digger (level 9, 0/49 HPs)
             Began as a Gargoyle Earth Elementalist on May 12, 2023.
             Was an Initiate of Gozag.
             Slain by a killer bee (7 damage)
             ... on level 7 of the Dungeon.
             The game lasted 00:25:47 (7585 turns).

wilfster70 the Digger (Gargoyle Earth Elementalist) Turns: 7585, Time: 00:25:47

Health: 0/49       AC: 13    Str: 13    XL:     9   Next: 52%
Magic:  6/15       EV: 11    Int: 19    God:    Gozag
Gold:   287        SH:  0    Dex: 10    Spells: 9/16 levels left

rFire   . . .        a - +3 trident (heavy)
rCold   . . .        (no shield)
rNeg    + + +        w - +2 robe {Will+}
rPois   ∞            (no helmet)
rElec   +            (no cloak)
rCorr   .            h - +0 pair of gloves
SInv    .            j - +1 pair of boots
Will    +....        (no amulet)
Stlth   ++           s - ring of positive energy
HPRegen 0.28/turn    t - ring of positive energy
MPRegen 0.14/turn

%: no passive effects
@: no status effects
A: sickness immunity, AC +6, negative energy resistance 1, electricity
resistance, torment resistance 1, petrification resistance
a: Renounce Religion, Potion Petition, Call Merchant, Bribe Branch


You were on level 7 of the Dungeon.
You worshipped Gozag.
Gozag was aware of your devotion.
You visited 2 branches of the dungeon, and saw 8 of its levels.
You also visited: Sewer.

You collected 515 gold pieces.
You spent 70 gold pieces at shops.
You paid 158 gold pieces to Gozag.

Inventory:

Hand Weapons
 a - a +3 heavy trident (weapon)
Missiles
 q - 2 throwing nets
Armour
 h - a +0 pair of gloves (worn)
 j - a +1 pair of boots (worn)
 w - a +2 robe of willpower (worn)
Jewellery
 s - a ring of positive energy (left hand)
 t - a ring of positive energy (right hand)
Wands
 m - a wand of light (6)
 v - a wand of flame (1)
Scrolls
 e - 5 scrolls of teleportation
 l - 2 scrolls of enchant armour
 n - a scroll of silence
 r - a scroll of enchant weapon
 u - a scroll of blinking
Potions
 b - a potion of resistance
 d - a potion of mutation
 f - a potion of heal wounds
 g - 4 potions of invisibility
 i - a potion of might
 k - 2 potions of magic
 o - a potion of brilliance {unknown}
 p - a potion of lignification


   Skills:
 + Level 2.7 Fighting
 - Level 6.0 Polearms
 - Level 1.5 Dodging
 - Level 2.1 Stealth
 - Level 4.0 Spellcasting
 - Level 6.0 Conjurations
 - Level 0.7 Transmutations
 - Level 4.0 Air Magic
 - Level 6.0 Earth Magic
 - Level 4.0 Poison Magic


You had 9 spell levels left.
You knew the following spells:

 Your Spells              Type           Power      Damage    Failure   Level
a - Sandblast             Erth           52%        2d12      1%          1
b - Stone Arrow           Conj/Erth      52%        3d10      3%          3
c - Mephitic Cloud        Conj/Pois/Air  21%        N/A       6%          3

Your spell library contained the following spells:

 Spells                   Type           Power      Damage    Failure   Level
 Magic Dart               Conj           100%       1d8       1%          1
 Passwall                 Tmut/Erth      13%        N/A       5%          2
 Summon Small Mammal      Summ           12%        N/A       14%         1
 Wereblood                Tmut           6%         N/A       16%         2
 Call Imp                 Summ           6%         N/A       21%         2
 Petrify                  Tmut/Erth      16%        N/A       34%         4
 Call Canine Familiar     Summ           3%         N/A       38%         3
 Inner Flame              Hex/Fire       3%         N/A       38%         3
 Ozocubu's Armour         Ice            3%         N/A       38%         3
 Summon Guardian Golem    Hex/Summ       3%         N/A       38%         3
 Yara's Violent Unravell  Hex/Tmut       2%         3d3       97%         5
 Metabolic Englaciation   Hex/Ice        1%         N/A       98%         5
 Summon Forest            Summ/Tloc      1%         N/A       98%         5
 Eringya's Noxious Bog    Tmut/Pois      6%         N/A       100%        6
 Enfeeble                 Hex            1%         N/A       100%        7
 Summon Hydra             Summ           1%         N/A       100%        7
 Sublimation of Blood     Necr           Unusable   N/A       N/A         2
 Simulacrum               Ice/Necr       Unusable   N/A       N/A         6

Dungeon Overview and Level Annotations

Branches:
Dungeon (7/15)             Temple (1/1) D:7           Sewer (visited)

Altars:
Ashenzari
Dithmenos
Elyvilon
Fedhas
Gozag
Hepliaklqana
Makhleb
Nemelex Xobeh
Okawaru
Qazlal
Ru
Trog
Uskayaw
Wu Jian
Yredelemnul
Zin

Shops:
D:6 ?

Annotations:
D:6 1 runed translucent door, adept's ghost, novice DjCj


Innate Abilities, Weirdness & Mutations

You are immune to sickness and miasma.
Your stone body is resilient. (AC +6)
You are immune to poison.
You resist negative energy. (rN+)
You are resistant to electric shocks. (rElec)
You are resistant to unholy torment.
You are immune to petrification.


Message History

You puncture the lemure!
You kill the lemure!
That felt strangely unrewarding.
The killer bee stings you. The killer bee closely misses you.
The killer bee stings you but does no damage.
The killer bee attacks as you move away!
The killer bee stings you but does no damage. x2
The killer bee stings you but does no damage.
The killer bee stings you.
Your magical contamination has completely faded away.
You see here 4 gold pieces.
The killer bee stings you but does no damage.
The killer bee buzzes angrily.
The killer bee stings you but does no damage.
A lemure comes into view.
The killer bee attacks as you move away!
The killer bee barely misses you.
The killer bee attacks as you move away!
The killer bee stings you but does no damage. x2
The killer bee barely misses you. The killer bee stings you.
The killer bee stings you.
The killer bee attacks as you move away!
The killer bee stings you but does no damage. x2
The killer bee stings you.
* * * LOW HITPOINT WARNING * * *
The killer bee barely misses you.
The killer bee attacks as you move away!
The killer bee completely misses you. x2; The killer bee closely misses you.
Things that are here:
a +0 robe; a +0 whip The killer bee barely misses you.
The killer bee misses you.
The killer bee attacks as you move away!
The killer bee stings you.
* * * LOW HITPOINT WARNING * * *
The killer bee barely misses you.
The killer bee attacks as you move away!
The killer bee stings you!
You die...
Your body crumbles into a pile of gold.

## . #####.##
).......##########
[...........[....#########
####..#...).<....<).......
#..#.##.......)#####.##
#..#.##.#####)##.... ##
#..#.#.#.####@#...# # .#
#..#..###.#.#y#...##.# .#
#..#.## ##.#yyy......# .#
#...## ##.#........#
.###....## ##..........##
......##.###.#.......###
#.#######.#.##.#.#...#
##[### ##.###.#.#####
##..# #.# #.#.# #


You could see 4 killer bees.

Vanquished Creatures
  Prince Ribbit (D:7)
  A wyvern (D:7)
  A water moccasin (D:7)
  Duvessa (D:7)
  An ice beast (D:6)
  3 orc warriors (D:7)
  An ogre (D:6)
  A lemure (D:7)
  2 phantoms
  3 bullfrogs
  2 scorpions
  Dowan (D:7)
  4 killer bees (D:6)
  3 hounds
  A gnoll bouda (D:7)
  3 orc priests
  A sleepcap (D:6)
  Terence (D:2)
  2 iguanas
  5 orc wizards
  10 gnolls
  12 adders
  2 white imps
  3 ufetubi
  2 worms
  A dart slug (D:3)
  24 orcs
  14 ball pythons
  10 endoplasms
  12 giant cockroaches
  6 goblins
  7 hobgoblins
  8 jackals
  4 kobolds
  11 quokkas
  7 bats
  8 frilled lizards
  4 rats
183 creatures vanquished.

Notes
Turn   | Place    | Note
-------+----------+-------------------------------------------
     0 | D:1      | wilfster70 the Gargoyle Earth Elementalist began the quest
                  | for the Orb.
     0 | D:1      | Reached XP level 1. HP: 10/10 MP: 3/3
    13 | D:1      | You fall into a shaft and drop 1 floor!
   263 | D:1      | Reached XP level 2. HP: 15/15 MP: 3/5
   548 | D:1      | Reached XP level 3. HP: 19/19 MP: 4/6
   635 | D:1      | Learned a level 3 spell: Stone Arrow
   919 | D:2      | Reached skill level 5 in Earth Magic
   993 | D:2      | Noticed Terence
   998 | D:2      | Killed Terence
   999 | D:2      | Reached XP level 4. HP: 24/24 MP: 3/8
  1208 | D:2      | Reached XP level 5. HP: 28/28 MP: 7/9
  1883 | D:3      | Found an ornate altar of the Wu Jian Council.
  1883 | D:3      | Found a bloodstained altar of Trog.
  2755 | D:4      | Noticed a phantom
  2759 | D:4      | Killed a phantom
  2760 | D:4      | Reached XP level 6. HP: 32/32 MP: 7/12
  3414 | D:5      | Entered Level 5 of the Dungeon
  3441 | D:5      | Found a glowing drain.
  3453 | Sewer    | Entered a sewer
  3517 | Sewer    | Reached XP level 7. HP: 36/36 MP: 11/13
  3974 | Sewer    | Reached skill level 5 in Conjurations
  4300 | D:5      | Reached skill level 1 in Polearms
  4902 | D:6      | Reached XP level 8. HP: 41/41 MP: 11/14
  5207 | D:6      | Reached skill level 5 in Polearms
  5338 | D:6      | Learned a level 3 spell: Mephitic Cloud
  5481 | D:6      | Found Giaputoe's Magic Scroll Shoppe.
  5489 | D:6      | Bought a scroll of noise for 14 gold pieces
  5489 | D:6      | Bought a scroll of vulnerability for 56 gold pieces
  5538 | D:6      | Found a runed translucent door.
  5541 | D:6      | Noticed adept's ghost (novice DjCj)
  5831 | D:6      | HP: 2/41 [orc/+0 short sword (3)]
  6176 | D:7      | Noticed a wyvern
  6186 | D:7      | Reached skill level 1 in Air Magic
  6186 | D:7      | Reached skill level 1 in Poison Magic
  6343 | D:7      | Noticed Prince Ribbit
  6416 | D:7      | Killed Prince Ribbit
  6417 | D:7      | Reached XP level 9. HP: 8/45 MP: 4/15
  6819 | D:7      | Found a staircase to the Ecumenical Temple.
  6825 | Temple   | Entered the Ecumenical Temple
  6995 | Temple   | Became a worshipper of Gozag Ym Sagoz the Greedy
  7142 | D:7      | Noticed Duvessa
  7142 | D:7      | Noticed Dowan
  7151 | D:7      | Killed Duvessa
  7169 | D:7      | Killed Dowan
  7426 | D:6      | Reached skill level 1 in Fighting
  7585 | D:7      | Slain by a killer bee

Illustrated notes

Levels and vault maps discovered:
D:1:      roderic_octagonal_star, layout_basic
D:2:      layout_loops_ring, uniq_terence
D:3:      layout_loops_ring, gammafunk_temple_overflow_wave, kennysheep_path_1,
          dk_noncrumbling_4
D:4:      layout_basic, grunt_ministairs_14
D:5:      layout_rooms, cheibrodos_sewer_entry_drain
D:6:      layout_rooms, serial_shops, shop, ebering_ghost_sewer_d
D:7:      layout_loops_ring, minmay_temple_entry_trees,
          gammafunk_ghost_cemetery, uniq_prince_ribbit1, uniq_pikel,
          uniq_duvessa
Temple:   nicolae_temple_two_arcs

Skill      XL: |  1  2  3  4  5  6  7  8  9 |
---------------+----------------------------+-----
Earth Magic    | 4 5 6 |  6.0
Spellcasting   | 3 4 |  4.0
Conjurations   | 2 4 6 |  6.0
Polearms       | 3 6 |  6.0
Air Magic      | 2 4 |  4.0
Poison Magic   | 2 4 |  4.0
Fighting       | 2 |  2.7
Dodging        | |  1.5
Stealth        | |  2.1
Transmutations | |  0.7

Action                     |  1- 3 |  4- 6 |  7- 9 || total
---------------------------+-------+-------+-------++-------
  Melee: Trident           |    22 |    16 |    42 ||    80
         Unarmed           |     1 |       |       ||     1
         Mace              |     3 |     8 |       ||    11
         Punch             |       |       |     2 ||     2
   Cast: Sandblast         |    39 |    74 |   187 ||   300
         Stone Arrow       |       |       |    26 ||    26
         Mephitic Cloud    |       |       |     5 ||     5
    Use: Scroll            |     8 |     6 |     7 ||    21
         Potion            |       |       |     3 ||     3
   Stab: Sleeping          |     1 |     1 |     1 ||     3
 Armour: Robe              |    16 |    33 |   123 ||   172
  Dodge: Dodged            |    32 |    42 |   150 ||   224
